 Dungeon Crawl Stone Soup version 0.28.0 (webtiles) character file.

Game seed: 13171512486994551939

1124 greynaab the Grappler (level 8, -3/111 HPs)
             Began as a Troll Berserker on Feb 5, 2022.
             Was an Elder of Trog.
             Killed from afar by Ijyb (25 damage)
             ... with a bolt of acid
             ... on level 5 of the Dungeon on Feb 6, 2022.
             The game lasted 00:13:31 (4160 turns).

greynaab the Grappler (Troll Berserker)             Turns: 4160, Time: 00:13:31

Health: -3/111     AC: -3    Str: 26    XL:     8   Next: 13%
Magic:  7/7        EV: 12    Int:  3    God:    Trog [****..]
Gold:   952        SH:  6    Dex: 11    Spells: 7/7 levels left

rFire   . . .      SeeInvis .     - Unarmed
rCold   . . .      Faith    .   y - +0 kite shield
rNeg    . . .      Spirit   .   a - +0 animal skin
rPois   +          Reflect  .   (helmet restricted)
rElec   .          Harm     .   m - +0 cloak
rCorr   .          Rampage  .   (gloves unavailable)
Will    .....                   (boots unavailable)
Stlth   ..........              (no amulet)
HPRegen 1.08/turn               e - ring of poison resistance
MPRegen 0.10/turn               p - +4 ring of evasion

@: berserking, corroded, very quick
A: large, unfitting armour, claws 3, regeneration 1, shaggy fur 1, tough skin 1
a: Renounce Religion, Berserk, Trog's Hand, Brothers in Arms


You were on level 5 of the Dungeon.
You worshipped Trog.
Trog was greatly pleased with you.
You visited 1 branch of the dungeon, and saw 5 of its levels.
You also visited: Sewer.

You collected 952 gold pieces.

Inventory:

Missiles
 k - 12 poisoned darts (quivered)
 x - 3 boomerangs
Armour
 a - a +0 animal skin (worn)
 m - a +0 cloak (worn)
 y - a +0 kite shield (worn)
Jewellery
 e - a ring of poison resistance (left claw)
 p - a +4 ring of evasion (right claw)
 v - a ring of magical power
Wands
 w - a wand of iceblast (6)
Scrolls
 d - 3 scrolls of blinking {unknown}
 i - 3 scrolls of fear {unknown}
 o - a scroll of immolation
 q - a scroll of amnesia {unknown}
 r - a scroll of noise {unknown}
 u - 2 scrolls of fog {unknown}
Potions
 b - 4 potions of heal wounds {unknown}
 c - 3 potions of magic {unknown}
 f - a potion of brilliance {unknown}
 g - 3 potions of curing {unknown}
 h - a potion of haste {unknown}
 j - a potion of degeneration {unknown}
 l - 2 potions of flight {unknown}
 n - a potion of cancellation {unknown}
 s - a potion of lignification {unknown}
 t - a potion of ambrosia {unknown}


   Skills:
 - Level 2.4 Fighting
 - Level 2.4 Dodging
 + Level 0.6 Shields
 + Level 10.0 Unarmed Combat


You had 7 spell levels left.
You didn't know any spells.
Your spell library was empty.

Dungeon Overview and Level Annotations

Branches:
Dungeon (5/15)              Sewer (visited)
 Temple: D:4-7

Altars:
Hepliaklqana
Sif Muna
Uskayaw
Wu Jian

Annotations:
D:5 Ijyb


Innate Abilities, Weirdness & Mutations

You are too large for most types of armour.
You have claws for hands.
Your natural rate of healing is unusually fast.
You are covered in fur. (AC +1)
You have tough skin. (AC +1)


Message History

You barely miss the orc. The orc hits you but does no damage.
You mangle the orc!!
You kill the orc!
Trog accepts your kill.
No target in view!
No target in view!
Things that are here:
a +0 hand axe; an orc corpse The orc shouts!
You hear a shout!
Things that are here:
a +0 hand axe; a +0 leather armour; an orc corpse The orc hits you with a +0 club.
You mangle the orc!!
You kill the orc!
Trog accepts your kill.
Ijyb zaps a wand.
The bolt of acid hits you!! The acid corrodes you!
Throw: 12 darts (poison)
Press: ? - help, Q - select action, (/) - cycle Shift-Dir - straight line, f - Ijyb
Aim: Ijyb, wielding a +1 spectral club, wearing a +0 leather armour and carrying a wand of acid (4) (47% to hit)
Okay, then.
Unknown command.
A red film seems to cover your vision as you go berserk!
You feel yourself moving faster!
You feel mighty! You block Ijyb's attack.
You closely miss Ijyb. You closely miss Ijyb.
Ijyb zaps a wand.
The bolt of acid hits you!!!
* * * LOW HITPOINT WARNING * * *
The acid corrodes you!
You completely miss Ijyb. Ijyb hits you with a +1 spectral club.
* * * LOW HITPOINT WARNING * * *
You claw Ijyb!
Ijyb is moderately wounded.
You miss Ijyb.
Ijyb is moderately wounded.
You block Ijyb's attack.
You barely miss Ijyb.
Ijyb is moderately wounded.
You miss Ijyb.
Ijyb is moderately wounded.
Ijyb zaps a wand.
The bolt of acid hits you!!
You die...

#.....#
#..............†......#.
#.....#
#.....................#.
#.....#
#.....................'.
#.....#
#.....)...............#.
#.....#
##..##..#....#..###.###.
#.....#
##..##))###########'###.
#.....# #....#...#
#....#.. #.....#
#....#...# #....'..
#.....# ##..##.@.#
##..##.. #.....#
######.g.# #######
#.....# #...###..#
#.....# #....#...#
#.....# #....#...#
#.....# #....'...#
#....######.:.#...#
#....##..##..##..##
#........>...#####


You could see Ijyb.

Vanquished Creatures
  Grinder (D:4)
  2 necrophages (D:5)
  A phantom (D:4)
  2 kobold brigands (Sewer)
  2 water moccasin skeletons
  A hound (D:4)
  Crazy Yiuf (D:2)
  An orc priest (D:5)
  Jessica (D:2)
  2 bullfrog skeletons
  An iguana (D:3)
  An orc wizard (D:5)
  8 adders
  2 river rats (Sewer)
  2 ufetubi (D:5)
  2 worms
  11 orcs
  9 ball pythons
  8 endoplasms
  4 giant cockroaches
  7 goblins
  6 hobgoblins
  10 jackals
  5 quokkas
  5 bats
  5 frilled lizards
  9 kobolds
  27 rats
136 creatures vanquished.

Vanquished Creatures (others)
  20 plants
20 creatures vanquished.

Grand Total: 156 creatures vanquished

Notes
Turn   | Place    | Note
-------+----------+-------------------------------------------
     0 | D:1      | greynaab the Troll Berserker began the quest for the Orb.
     0 | D:1      | Reached XP level 1. HP: 22/22 MP: 0/0
   118 | D:1      | Reached XP level 2. HP: 29/29 MP: 1/1
   314 | D:1      | Found a faded altar of an unknown god.
   341 | D:1      | Reached skill level 4 in Unarmed Combat
   379 | D:1      | Reached ** piety under Trog
   452 | D:1      | Reached XP level 3. HP: 36/36 MP: 2/2
  1442 | D:2      | Noticed Jessica
  1449 | D:2      | Killed Jessica
  1450 | D:2      | Reached skill level 5 in Unarmed Combat
  1450 | D:2      | Reached XP level 4. HP: 32/44 MP: 3/3
  1623 | D:2      | Found a runed translucent door.
  1624 | D:2      | Noticed Crazy Yiuf
  1748 | D:2      | Killed Crazy Yiuf
  1797 | D:3      | Identified a scroll of acquirement
  1798 | D:3      | Acquired 723 gold pieces
  2008 | D:3      | Reached XP level 5. HP: 50/50 MP: 4/4
  2009 | D:3      | Found a glowing drain.
  2016 | D:3      | Reached *** piety under Trog
  2017 | D:3      | Reached skill level 6 in Unarmed Combat
  2022 | Sewer    | Entered a sewer
  2089 | Sewer    | Reached XP level 6. HP: 59/59 MP: 5/5
  2201 | Sewer    | Reached skill level 7 in Unarmed Combat
  2797 | D:3      | Found a hide-covered altar of Uskayaw.
  2805 | D:3      | Found a shimmering blue altar of Sif Muna.
  3117 | D:4      | Noticed Grinder
  3125 | D:4      | Killed Grinder
  3126 | D:4      | Reached skill level 8 in Unarmed Combat
  3126 | D:4      | Reached XP level 7. HP: 54/66 MP: 6/6
  3127 | D:4      | Found a hazy altar of Hepliaklqana.
  3235 | D:4      | Reached skill level 9 in Unarmed Combat
  3488 | D:4      | Identified the +0 leather armour of Defence {rN+ Dex+4}
  3522 | D:5      | Entered Level 5 of the Dungeon
  3522 | D:5      | Noticed Ijyb
  3577 | D:5      | Found an ornate altar of the Wu Jian Council.
  3854 | D:5      | Reached XP level 8. HP: 74/74 MP: 7/7
  3919 | D:5      | Reached **** piety under Trog
  3938 | D:5      | Reached skill level 10 in Unarmed Combat
  4160 | D:5      | Killed from afar by Ijyb

Illustrated notes

Levels and vault maps discovered:
D:1:      wander_arrival_desolate, layout_basic,
          nicolae_ecumenical_snake_handling, minmay_misc_feat_x
D:2:      layout_loops_ring, serial_forest, infiniplex_forest_straight_4,
          infiniplex_forest_clump_long, infiniplex_forest_lined_3,
          infiniplex_forest_diagonal, infiniplex_forest_straight_4,
          infiniplex_forest_split, infiniplex_forest_clump_double,
          infiniplex_forest_straight_3, infiniplex_forest_straight_5,
          minmay_rat_hole, uniq_jessica, uniq_crazy_yiuf_cottage
D:3:      layout_loops_ring, amethyst_overflow_temple_binary,
          cheibrodos_sewer_entry_drain
D:4:      layout_rooms, mainiacjoe_overflow_small_starburst, uniq_grinder
D:5:      layout_gridville, mainiacjoe_overflow_tiny_flanked,
          chequers_mini_garden, grunt_ministairs_2, uniq_ijyb

Skill      XL: |  1  2  3  4  5  6  7  8 |
---------------+-------------------------+-----
Unarmed Combat | 4 5 6 8 9 10 | 10.0
Fighting       | |  2.4
Dodging        | |  2.4
Shields        | |  0.6

Action                   |  1- 3 |  4- 6 |  7- 9 || total
-------------------------+-------+-------+-------++-------
Melee: Unarmed           |   135 |   141 |    89 ||   365
       Punch             |     4 |     6 |     5 ||    15
Throw: Dart              |       |     1 |       ||     1
Invok: Trog's Hand       |     1 |     1 |     1 ||     3
       Berserk           |       |     1 |     1 ||     2
  Use: Scroll            |       |     2 |     1 ||     3
 Stab: Sleeping          |     2 |       |       ||     2
       Distracted        |       |     1 |       ||     1
Armor: Animal skin       |    42 |    29 |    24 ||    95
Dodge: Dodged            |    66 |    56 |    36 ||   158
Block: Kite shield       |       |       |     3 ||     3
